 Dungeon Crawl Stone Soup version 0.23-a0-419-g0174fd80c1 (webtiles) character file.

237890 twirl the Warrior (level 18, -10/160 HPs)
             Began as a Minotaur Berserker on Nov 12, 2018.
             Was the Champion of Trog.
             Splashed by a deep elf sorcerer's acid (11 damage)
             ... on level 3 of the Elven Halls.
             The game lasted 02:07:14 (39380 turns).

twirl the Warrior (Minotaur Berserker)             Turns: 39380, Time: 02:07:15

Health: -10/160    AC: 35    Str: 21    XL:     18   Next: 98%
Magic:  0/20       EV:  9    Int: 10    God:    Trog [******]
Gold:   1880       SH: 26    Dex: 13    Spells: 17/17 levels left

rFire    + . .     SeeInvis .   a - +5 broad axe (chop)
rCold    + + .     Gourm    .   S - +0 large shield
rNeg     + + .     Faith    .   i - +2 crystal plate armour {rC+}
rPois    .         Spirit   +   G - +2 hat of the Bear Spirit {Spirit, +Rage rN+ MR++}
rElec    .         Reflect  +   h - scarf {rC+ rF+}
rCorr    .         Harm     .   d - +2 pair of gloves
MR       +++..                  w - +0 pair of boots
Stlth    ..........             I - +4 amulet of reflection
HPRegen  0.00/turn              D - ring of positive energy
MPRegen  0.17/turn              f - +5 ring of protection

@: corroded, berserk cooldown, slowed, very slow
A: retaliatory headbutt, horns 2, frail 1, inhibited regeneration
}: 1/15 runes: serpentine
a: Berserk, Trog's Hand, Brothers in Arms, Renounce Religion, Evoke Berserk Rage


You were on level 3 of the Elven Halls.
You worshipped Trog.
Trog was exalted by your worship.
You were not hungry.

You visited 6 branches of the dungeon, and saw 26 of its levels.
You also visited: Labyrinth, Sewer, Bailey and Ice Cave.

You collected 2946 gold pieces.
You spent 1066 gold pieces at shops.

Inventory:

Hand Weapons
 a - a +5 broad axe of chopping (weapon)
 b - a +5 mace of venom
Armour
 d - a +2 pair of gloves (worn)
 h - a scarf of resistance (worn)
 i - a +2 crystal plate armour of cold resistance (worn)
 w - a +0 pair of boots (worn)
 G - the +2 hat of the Bear Spirit (worn) {Spirit, +Rage rN+ MR++}
   (You found it in an ice cave)

   It protects you from negative energy.
   It affects your resistance to hostile enchantments.
   It lets you go berserk.
 S - a +0 large shield (worn)
 U - a +2 plate armour of poison resistance
Jewellery
 f - a +5 ring of protection (right hand)
 q - an uncursed ring of protection from magic
 B - an uncursed ring of protection from cold
 D - a ring of positive energy (left hand)
 I - a +4 amulet of reflection (around neck)
Wands
 v - a wand of iceblast (48)
 J - a wand of clouds (3)
 P - a wand of paralysis (12)
 Q - a wand of scattershot (5)
 V - a wand of random effects (52)
Scrolls
 e - 5 scrolls of magic mapping
 k - 19 scrolls of teleportation
 m - 4 scrolls of fog
 p - 6 scrolls of enchant armour
 r - 2 scrolls of acquirement
 t - 9 scrolls of immolation
 u - 4 scrolls of enchant weapon
 y - a scroll of identify
 z - 5 scrolls of remove curse
 C - 2 scrolls of blinking
 K - 2 scrolls of vulnerability
 L - 4 scrolls of fear
 M - a scroll of summoning
Potions
 g - 4 potions of mutation
 j - 6 potions of lignification
 l - 4 potions of agility
 n - 3 potions of invisibility
 o - 4 potions of brilliance
 s - 14 potions of curing
 x - 7 potions of might
 A - 6 potions of heal wounds
 E - 2 potions of degeneration {unknown}
 F - 2 potions of cancellation {unknown}
 H - a potion of magic {unknown}
 N - 5 potions of flight
 O - 2 potions of haste {unknown}
 T - a potion of resistance {unknown}
 W - a potion of ambrosia {unknown}
Comestibles
 c - 33 rations


   Skills:
 + Level 20.2 Fighting
 - Level 18.0 Axes
 + Level 17.1 Armour
 - Level 12.0 Dodging
 * Level 19.4 Shields
 - Level 5.0 Evocations


You had 17 spell levels left.
You didn't know any spells.
Your spell library was empty.

Dungeon Overview and Level Annotations

Branches:
Dungeon (10/15)            Temple (1/1) D:5            Lair (6/6) D:8
 Shoals (0/4) Lair:2        Snake (4/4) Lair:2        Slime (0/5) Lair:5
    Orc (2/2) D:9             Elf (3/3) Orc:2

Altars:
Ashenzari
Cheibriados
Dithmenos
Elyvilon
Fedhas
Gozag
Hepliaklqana
Kikubaaqudgha
Makhleb
Nemelex Xobeh
Okawaru
Qazlal
Ru
Sif Muna
Trog
Uskayaw
Vehumet
Wu Jian
Xom
Yredelemnul
Zin
The Shining One
Jiyva

Shops:
D:6 =   Orc:2 :(!(:   Elf:1 }   Snake:4 (

Annotations:
Elf:2 3 runed doors


Innate Abilities, Weirdness & Mutations

You reflexively headbutt those who attack you in melee.
You have a pair of horns on your head.
You are frail. (-10% HP)
You do not regenerate when monsters are visible.


Message History

The crystal spear hits you!
* * * LOW HITPOINT WARNING * * *
A small abomination comes into view.
Your deep troll goes berserk!
You feel quite a bit more hungry.
The deep elf sorcerer seems less brilliant. x2
The deep elf annihilator seems less brilliant.
The deep elf mage seems less brilliant.
You block the deep elf sorcerer's attack.
The deep elf sorcerer is empowered by the deep elf high priest's aura! x2
The deep elf annihilator is empowered by the deep elf high priest's aura!
The deep elf mage is empowered by the deep elf high priest's aura!
The deep elf annihilator casts a spell at you.
The bolt of lightning hits you!
* * * LOW HITPOINT WARNING * * *
The deep elf sorcerer casts a spell at you.
The bolt of acid hits you!
* * * LOW HITPOINT WARNING * * *
The acid corrodes you!
You are splashed with acid!
The acid burns!
You die...

#.................#
#.................#
...(..............#
#..)..............#
.))...............#
#.#...............# .
#<#...............# ...
..).............Te####.....
#.###.##........@e.eYe.....
#)###.##.......#.x##e......
#(.##.##.......#### .......
##.##.##.......# .......
##.##.############ #......
......# #.....# ......
##.#### ##.###.## #.....
#....#####.## ##.# .....
####.......# #.#


You could see a deep elf annihilator, 2 deep elf sorcerers, a deep elf high
priest, a deep elf mage, an ice beast, a small abomination and a friendly deep
troll (berserk).

Vanquished Creatures
  Rupert (Lair:6)
  Asterion (Snake:1)
  A deep elf blademaster (Elf:3)
  Gastronok (Lair:3)
  13 nagarajas
  Kirke (Elf:1)
  4 deep elf sorcerers
  An orc warlord (Bailey)
  The ghost of btonasse the Black Belt, a journeyman MfTm of Cheibriados (Snake:2)
  A deep elf elementalist (Elf:2)
  4 deep elf demonologists
  2 deep elf annihilators
  Azrael (Elf:1)
  6 dire elephants (Lair:6)
  Snorg (Lair:5)
  2 deep elf death magi
  2 green deaths (Snake:1)
  6 hydras
  Harold (D:10)
  23 naga warriors
  12 anacondas
  Erica (D:10)
  10 dancing weapons
  4 orc high priests
  11 naga sharpshooters
  Urug (D:10)
  6 shock serpents
  Sonja (D:10)
  14 deep elf knights
  4 salamander mystics
  2 sea snakes (Snake:3)
  16 naga ritualists
  4 orc knights
  11 deep elf archers
  9 mana vipers
  51 deep elf magi
  2 oklob plants
  A manticore (Lair:2)
  5 orc sorcerers
  18 salamanders
  17 elephants
  Joseph (D:9)
  48 black mambas
  11 spiny frogs
  5 gargoyles (D:7)
  8 guardian serpents
  2 ice statues (IceCv)
  45 naga magi
  7 komodo dragons
  8 ice devils (IceCv)
  2 trolls (D:10)
  A jumping spider (shapeshifter) (Elf:2)
  A queen bee (Lair:3)
  A hornet (Lair:1)
  22 blink frogs
  9 hippogriffs
  Sigmund (D:6)
  2 spriggans
  3 air elementals
  A fire elemental (Elf:2)
  The ghost of Notair the Poker, an amateur MiGl (D:3)
  2 water elementals (Elf:1)
  45 yaks
  Grum (D:10)
  4 hungry ghosts
  3 wargs
  Menkaure (D:6)
  62 nagas
  9 water moccasins
  5 hell hounds (Elf:1)
  8 porcupines
  4 ice beasts
  21 orc warriors
  2 sky beasts
  2 black bears
  11 ogres
  An eye of draining (D:9)
  2 centaurs
  3 phantoms
  51 wolves
  14 crocodiles
  A big kobold (D:9)
  8 bullfrogs
  2 earth elementals (Elf:1)
  3 scorpions
  A troll zombie (D:9)
  18 killer bees
  4 wights (D:10)
  6 howler monkeys
  4 crimson imps
  11 orc priests
  5 hounds
  Crazy Yiuf (D:3)
  A centaur skeleton (D:7)
  Terence (D:3)
  A gnoll shaman (Orc:1)
  An iguana (D:4)
  Natasha (thrice) (D:3)
  20 orc wizards
  2 hell rats (Lair:3)
  8 worker ants
  7 ogre zombies (D:9)
  A hound skeleton (D:10)
  A worker ant zombie (D:9)
  10 gnolls
  14 adders
  12 river rats
  A shadow imp (D:9)
  8 white imps (IceCv)
  5 ufetubi (IceCv)
  An ooze (D:3)
  2 adder zombies (D:5)
  5 worms
  2 dart slugs
  10 leopard geckos
  68 orcs
  6 giant cockroaches
  15 goblins
  11 hobgoblins
  11 jackals
  12 quokkas
  5 ball pythons
  9 bats
  6 frilled lizards
  4 goblin skeletons (D:9)
  A goblin zombie (D:9)
  2 hobgoblin zombies (D:9)
  17 kobolds
  2 leopard gecko skeletons
  2 orc skeletons (D:9)
  16 orc zombies (D:9)
  9 rats
  A spectral orc (D:8)
  3 fungi
  6 plants (Lair:6)
1089 creatures vanquished.

Vanquished Creatures (collateral kills)
  A minotaur (Lab)
  2 orc knights (Orc:2)
  A naga mage (Snake:3)
4 creatures vanquished.

Vanquished Creatures (others)
  A reaper (IceCv)
  2 naga sharpshooters
  2 deep elf archers
  2 naga ritualists
  A deep elf mage (Elf:1)
  5 humans (Elf:1)
  A white imp (IceCv)
  7 ufetubi (IceCv)
  3 kobolds (Bailey)
  3 fungi (Lair:6)
  9 plants
36 creatures vanquished.

Grand Total: 1129 creatures vanquished

Notes
Turn   | Place    | Note
-------+----------+-------------------------------------------
     0 | D:1      | twirl the Minotaur Berserker began the quest for the Orb.
     0 | D:1      | Reached XP level 1. HP: 19/19 MP: 0/0
   220 | D:1      | Reached XP level 2. HP: 24/27 MP: 1/1
  1050 | D:2      | Reached skill level 4 in Fighting
  1050 | D:2      | Reached XP level 3. HP: 23/33 MP: 2/2
  1246 | D:2      | Reached ** piety under Trog
  1477 | D:2      | Found a faded altar of an unknown god.
  1527 | D:2      | Reached XP level 4. HP: 33/40 MP: 3/3
  1565 | D:2      | Found a bloodstained altar of Trog.
  1840 | D:2      | Found an iron altar of Okawaru.
  2225 | D:3      | Reached skill level 5 in Axes
  2579 | D:3      | Noticed an ogre
  2590 | D:3      | Killed an ogre
  2590 | D:3      | Reached XP level 5. HP: 47/47 MP: 4/4
  2678 | D:3      | Found a runed door.
  2794 | D:3      | Noticed Terence
  2801 | D:3      | Killed Terence
  2947 | D:3      | Found a large runed door.
  2948 | D:3      | Found a large runed door.
  2968 | D:3      | Noticed Notair's ghost (amateur MiGl)
  2973 | D:3      | Noticed Natasha
  2977 | D:3      | Killed Natasha
  2977 | D:3      | Reached XP level 6. HP: 55/55 MP: 5/5
  3029 | D:3      | Noticed Natasha
  3042 | D:3      | Killed Natasha
  3549 | D:3      | Noticed Crazy Yiuf
  3554 | D:3      | Killed Crazy Yiuf
  3554 | D:3      | Reached skill level 5 in Fighting
  3773 | D:3      | Killed Notair's ghost
  3782 | D:3      | Noticed Natasha
  3790 | D:3      | Killed Natasha
  4062 | D:4      | Reached XP level 7. HP: 61/61 MP: 6/6
  4316 | D:4      | Reached skill level 5 in Armour
  4325 | D:4      | Reached *** piety under Trog
  4681 | D:4      | Reached skill level 6 in Fighting
  4911 | D:4      | Reached XP level 8. HP: 70/70 MP: 7/7
  4920 | D:4      | Reached skill level 5 in Dodging
  5064 | D:5      | Entered Level 5 of the Dungeon
  5140 | D:5      | Found a white marble altar of Elyvilon.
  5318 | D:5      | Found a staircase to the Ecumenical Temple.
  5347 | Temple   | Entered the Ecumenical Temple
  5981 | D:6      | Noticed Sigmund
  5988 | D:6      | Killed Sigmund
  6005 | D:6      | Noticed Menkaure
  6016 | D:6      | Killed Menkaure
  6016 | D:6      | Reached skill level 7 in Fighting
  6055 | D:6      | Found Pydwuipp's Jewellery Boutique.
  6088 | D:6      | Bought a +4 amulet of reflection for 351 gold pieces
  6153 | D:6      | Reached skill level 10 in Axes
  6153 | D:6      | Reached XP level 9. HP: 67/79 MP: 8/8
  6208 | D:6      | Found a glowing drain.
  6216 | Sewer    | Entered a sewer
  6358 | Sewer    | Reached **** piety under Trog
  7061 | D:7      | Found a flagged portal.
  7159 | Bailey   | Entered a bailey
  7167 | Bailey   | Noticed an orc warlord
  7541 | Bailey   | Reached skill level 8 in Fighting
  7584 | Bailey   | Found a runed gate.
  7585 | Bailey   | Found a runed gate.
  7587 | Bailey   | Found a runed gate.
  7651 | Bailey   | Killed an orc warlord
  7976 | D:7      | Reached XP level 10. HP: 90/90 MP: 9/9
  8003 | D:7      | Reached ***** piety under Trog
  8004 | D:7      | Found a deep blue altar of Sif Muna.
  8331 | D:7      | Reached skill level 9 in Fighting
  8501 | D:7      | Noticed a gargoyle
  8504 | D:7      | Killed a gargoyle
  8510 | D:7      | Noticed a gargoyle
  8519 | D:7      | Killed a gargoyle
  8549 | D:7      | Noticed a gargoyle
  8553 | D:7      | Killed a gargoyle
  8606 | D:7      | Noticed a gargoyle
  8615 | D:7      | Killed a gargoyle
  8768 | D:7      | Noticed a gargoyle
  8774 | D:7      | Killed a gargoyle
  8862 | D:7      | Reached skill level 15 in Axes
  8862 | D:7      | Reached XP level 11. HP: 97/97 MP: 10/10
  8863 | D:7      | Reached XP level 12. HP: 105/105 MP: 11/11
  8883 | D:8      | Found a staircase to the Lair.
  8924 | D:8      | Found a glowing golden altar of the Shining One.
  9039 | D:8      | Noticed a four-headed hydra
  9056 | D:8      | Killed a ten-headed hydra
  9056 | D:8      | Received a gift from Trog
  9299 | D:8      | Found a basalt altar of Yredelemnul.
  9386 | D:8      | Found a sacrificial altar of Ru.
  9546 | D:8      | Found a sparkling altar of Nemelex Xobeh.
  9721 | D:9      | Found a shattered altar of Ashenzari.
  9755 | D:9      | Noticed Joseph
  9769 | D:9      | Killed Joseph
  9996 | D:9      | Found a staircase to the Orcish Mines.
 10010 | D:9      | Reached skill level 10 in Fighting
 10840 | D:10     | Entered Level 10 of the Dungeon
 11235 | D:10     | Noticed Grum
 11258 | D:10     | Killed Grum
 11258 | D:10     | Reached skill level 10 in Armour
 11403 | D:10     | Noticed Harold
 11404 | D:10     | Noticed Erica
 11443 | D:10     | Killed Harold
 11443 | D:10     | Reached XP level 13. HP: 58/114 MP: 12/12
 11453 | D:10     | Killed Erica
 11498 | D:10     | Noticed Urug
 11513 | D:10     | Killed Urug
 11513 | D:10     | Reached skill level 11 in Fighting
 11519 | D:10     | Noticed Sonja
 11556 | D:10     | Received a gift from Trog
 11903 | D:10     | Reached skill level 1 in Shields
 12357 | D:10     | Killed Sonja
 12948 | Lair:1   | Entered Level 1 of the Lair of Beasts
 13083 | Lair:1   | Reached skill level 10 in Dodging
 13434 | Lair:1   | Reached skill level 5 in Shields
 14068 | Lair:2   | Found a frozen archway.
 14077 | IceCv    | Entered an ice cave
 14149 | IceCv    | Reached skill level 12 in Fighting
 14278 | IceCv    | Killed a reaper
 14436 | IceCv    | Found the +2 hat of the Bear Spirit {Spirit, +Rage rN+
                  | MR++}
 14734 | IceCv    | Got a warped demon blade
 14873 | Lair:2   | Found a staircase to the Snake Pit.
 14936 | Lair:2   | Identified the +6 demon blade of Ashenzari {slice, *Contam
                  | rN+ Str+3} (You found it in an ice cave)
 15008 | Lair:2   | Gained mutation: You do not regenerate when monsters are
                  | visible. [mutagenic glow]
 15207 | Lair:2   | Found a staircase to the Shoals.
 15306 | Lair:2   | Received a gift from Trog
 16043 | Lair:3   | Reached XP level 14. HP: 114/127 MP: 11/13
 16317 | Lair:3   | Reached skill level 1 in Evocations
 16687 | Lair:3   | Reached skill level 10 in Shields
 16893 | Lair:3   | Reached skill level 13 in Fighting
 17188 | Lair:3   | Noticed Gastronok
 17197 | Lair:3   | Killed Gastronok
 17477 | Lair:4   | Found a labyrinth entrance.
 17491 | Lab      | Entered a labyrinth
 18925 | Lair:5   | Received a gift from Trog
 18956 | Lair:5   | Found a staircase to the Slime Pits.
 18956 | Lair:5   | Found a viscous altar of Jiyva.
 19239 | Lair:5   | Noticed Snorg
 19252 | Lair:5   | Killed Snorg
 19756 | Lair:5   | Got a transparent halberd
 19762 | Lair:5   | Identified the cursed +1 halberd of Ruiklof {venom, rPois
                  | rC+ Int+5} (You found it on level 5 of the Lair of Beasts)
 19790 | Lair:6   | Entered Level 6 of the Lair of Beasts
 19818 | Lair:6   | Noticed Rupert
 19836 | Lair:6   | Killed Rupert
 19836 | Lair:6   | Reached skill level 14 in Fighting
 19836 | Lair:6   | Reached skill level 5 in Evocations
 20250 | Lair:6   | Reached ****** piety under Trog
 20516 | Lair:6   | Reached XP level 15. HP: 138/138 MP: 17/17
 21752 | Lair:6   | Identified 2 scrolls of acquirement
 22122 | Orc:1    | Entered Level 1 of the Orcish Mines
 22407 | Orc:1    | Received a gift from Trog
 22752 | Orc:2    | Entered Level 2 of the Orcish Mines
 22752 | Orc:2    | Found Aliagae's Book Boutique.
 22819 | Orc:2    | Found a staircase to the Elven Halls.
 23888 | Orc:2    | Received a gift from Trog
 23902 | Orc:2    | Reached skill level 15 in Fighting
 23905 | Orc:2    | Found Tusad's Antique Weapon Shoppe.
 23905 | Orc:2    | Found Jeng's Book Boutique.
 23908 | Orc:2    | Found Coenages's Distillery.
 23908 | Orc:2    | Found Liatsutin's Weapon Boutique.
 24512 | Snake:1  | Entered Level 1 of the Snake Pit
 24519 | Snake:1  | Reached skill level 15 in Shields
 24604 | Snake:1  | Noticed Asterion
 24638 | Snake:1  | Killed Asterion
 25171 | Snake:1  | Reached skill level 16 in Fighting
 25312 | Snake:1  | Found a runed door.
 25320 | Snake:1  | Received a gift from Trog
 26065 | Snake:1  | Reached XP level 16. HP: 113/152 MP: 13/18
 27400 | Snake:2  | Received a gift from Trog
 27599 | Snake:2  | Reached skill level 17 in Fighting
 27967 | Snake:2  | Found a runed door.
 28002 | Snake:2  | Noticed btonasse's ghost (journeyman MfTm)
 28031 | Snake:2  | Killed btonasse's ghost
 28389 | Snake:3  | Received a gift from Trog
 30017 | Snake:3  | Found a shadowy altar of Dithmenos.
 30472 | Snake:3  | Reached skill level 18 in Fighting
 30472 | Snake:3  | Reached XP level 17. HP: 163/163 MP: 19/19
 31167 | Snake:4  | Entered Level 4 of the Snake Pit
 31334 | Snake:4  | Received a gift from Trog
 31954 | Snake:4  | Found Zauxtum's Weapon Boutique.
 32945 | Snake:4  | Reached skill level 15 in Armour
 32951 | Snake:4  | Received a gift from Trog
 33756 | Snake:4  | Reached skill level 19 in Fighting
 34433 | Snake:4  | Got a serpentine rune of Zot
 35193 | Elf:1    | Entered Level 1 of the Elven Halls
 35367 | D:6      | Bought a +5 ring of protection for 715 gold pieces
 35549 | Elf:1    | Reached XP level 18. HP: 162/176 MP: 18/20
 35689 | Elf:1    | Found Jarrogimp's Gadget Shop.
 36009 | Elf:1    | Noticed Azrael
 36040 | Elf:1    | Received a gift from Trog
 36041 | Elf:1    | Killed Azrael
 36600 | Elf:1    | Gained mutation: You are frail. (-10% HP) [a neqoxec]
 36802 | Elf:1    | Noticed Kirke
 36823 | Elf:1    | Killed Kirke
 37252 | Elf:1    | Received a gift from Trog
 37579 | Elf:2    | Noticed a Tzitzimitl
 38593 | Elf:2    | Reached skill level 20 in Fighting
 38664 | Elf:2    | Received a gift from Trog
 39115 | Elf:2    | Found a runed gate.
 39115 | Elf:2    | Found a runed gate.
 39117 | Elf:2    | Found a runed gate.
 39149 | Elf:3    | Entered Level 3 of the Elven Halls
 39306 | Elf:3    | Found a radiant altar of Vehumet.
 39380 | Elf:3    | HP: 1/160 [deep elf sorcerer/bolt of acid (10)]
 39380 | Elf:3    | Splashed by a deep elf sorcerer's acid

Vault maps used:
D:1:      nicolae_arrival_memento_mori, minmay_pentomino_r2
D:2:      bloody_trog, nicolae_overflow_hidden_temple,
          chequers_ecumenical_altar_simple, first_ration
D:3:      ebering_ghost_disaster_area, uniq_natasha, uniq_crazy_yiuf_cottage,
          uniq_terence
D:5:      elyvilon_altar_4, minmay_temple_entry_mist
D:6:      gup_sewer_entry_bubbles, serial_shops, shop_statue, grunt_tough_drop,
          uniq_sigmund, uniq_menkaure
D:7:      cheibrodos_statue_roulette, lemuel_doored_altar, enter_bailey_6,
          serial_aquarium, aquarium_bridge_long_joined, aquarium_bridge_square,
          aquarium_window_fake, aquarium_window_1, aquarium_window_2,
          aquarium_view_2d, aquarium_balcony_3a, the_bakery,
          chequers_decorated_corner, grunt_decor_arrowhead
D:8:      kennysheep_mini, yredelemnul_forgotten_temple_becter,
          kennysheep_little_box, lair_entry_dummy, nicolae_ru_path_of_blood
D:9:      cheibrodos_ashenzari_chains, zombieorc2_lemuel, uniq_joseph
D:10:     sword_in_stone, uniq_grum, uniq_sonja
Temple:   eino_temple_water
Lair:1:   beast_lair_carwin_large_4, chequers_serial_rivers_room_a,
          serial_bayou_pond_d, grunt_forest_large_clearings
Lair:2:   minmay_shoals_entry_beasts, minmay_snake_entry_guardpost_small,
          portal_ice_cave_entry_pillars_2, st_stairs_4, beast_lair_carwin_7,
          uniq_erica
Lair:3:   special_room, kennysheep_rathole, minmay_lair_oklob_chamber,
          lemuel_fruit_fields, uniq_gastronok
Lair:4:   lab_entry_generic
Lair:5:   slime_altar_1, uniq_snorg
Lair:6:   due_jungle_book, uniq_rupert
Snake:1:  cheibrodos_toxic_ritual, hangedman_snake_sidewinding, uniq_asterion
Snake:2:  ebering_ghost_inner_flame, grunt_ministairs_9
Snake:3:  nicolae_cobra_stairs, basic_altar, serial_bayou_shore_b
Snake:4:  snake_pit, serial_shops, nicolae_shop_stone
Orc:2:    grunt_orc_tribal_feast, serial_shops, shop
Elf:1:    eino_elf_arrival_customs, serial_shops, shop, minmay_elf_sorcery,
          columned_hall_lemuel, abandoned_shop, uniq_kirke, uniq_azrael
Elf:2:    st_stairs_4
Elf:3:    minmay_elf_hall_quartered_circle, basic_altar,
          hangedman_elven_crosses_minicolossus, uniq_nikola
Lab:      labyrinth_watery
Sewer:    sewer_co_cracked_pipes
Bailey:   bailey_axe_bossmonster_kennysheep, bailey
IceCv:    ice_cave_small_demon

Skill      XL: |  1  2  3  4  5  6  7  8  9 10 11 12 13 14 15 16 17 18 |
---------------+-------------------------------------------------------+-----
Axes           | 4 5 6 7 10 11 15 17 18 | 18.0
Fighting       | 4 5 6 7 8 9 10 12 14 16 18 19 20 | 20.2
Armour         | 3 4 5 7 8 9 10 11 14 15 17 | 17.1
Dodging        | 3 4 5 6 7 8 10 11 12 | 12.0
Shields        | 9 13 15 17 19 | 19.4
Evocations     | 5 |  5.0

Action                   |  1- 3 |  4- 6 |  7- 9 | 10-12 | 13-15 | 16-18 || total
-------------------------+-------+-------+-------+-------+-------+-------++-------
Melee: Hand axe          |    83 |   112 |   161 |       |       |       ||   356
       Headbutt          |    17 |    22 |    66 |    62 |   273 |   310 ||   750
       War axe           |       |       |   107 |       |       |       ||   107
       Broad axe         |       |       |    49 |   336 |  1170 |  1427 ||  2982
       Mace              |       |       |       |       |   188 |       ||   188
Invok: Berserk           |     1 |     7 |     5 |     5 |    15 |    11 ||    44
       Trog's Hand       |       |       |     1 |     1 |     4 |     1 ||     7
       Brothers in Arms  |       |       |       |       |     4 |     2 ||     6
  Use: Scroll            |       |       |    11 |     1 |    15 |     6 ||    33
       Potion            |       |       |       |     3 |     1 |       ||     4
 Stab: Distracted        |       |       |       |       |       |     1 ||     1
  Eat: Chunk             |     3 |    10 |    13 |    10 |    45 |    11 ||    92
       Ration            |       |     1 |     2 |     3 |     6 |    13 ||    25
Armor: Animal skin       |    22 |     6 |       |       |       |       ||    28
       Chain mail        |       |    50 |    30 |       |       |       ||    80
       Plate armour      |       |       |   158 |   147 |   342 |   208 ||   855
       Crystal plate arm |       |       |       |       |   159 |   147 ||   306
Dodge: Dodged            |    57 |    41 |   138 |   117 |   294 |   228 ||   875
Block: Other             |       |       |    33 |    52 |     5 |       ||    90
       Reflection        |       |       |    14 |     3 |    40 |   195 ||   252
       Shield            |       |       |       |       |   888 |   124 ||  1012
       Buckler           |       |       |       |       |    15 |       ||    15
       Large shield      |       |       |       |       |       |  1213 ||  1213

Table legend:
 A = Non-vault XP
 B = Vault XP
 C = Vault XP percentage of total XP
 D = Non-vault monster count
 E = Vault monster count
 F = Vault count percentage of total count
                 A         B        C        D         E       F
            +---------+---------+-------+---------+---------+-------
      Total |  208898 |  143317 |  40.7 |     708 |     385 |  35.2
            +---------+---------+-------+---------+---------+-------
        D:1 |      27 |       7 |  20.6 |      15 |       2 |  11.8
        D:2 |      80 |       0 |   0.0 |      30 |       0 |   0.0
        D:3 |     304 |     311 |  50.6 |      25 |       4 |  13.8
        D:4 |     764 |       0 |   0.0 |      20 |       0 |   0.0
        D:5 |     404 |       0 |   0.0 |      11 |       0 |   0.0
        D:6 |     482 |     734 |  60.4 |      21 |      14 |  40.0
        D:7 |    1182 |    2290 |  66.0 |      24 |       6 |  20.0
        D:8 |    1419 |       1 |   0.1 |      11 |       1 |   8.3
        D:9 |    1476 |    1282 |  46.5 |      35 |      37 |  51.4
       D:10 |    2715 |    5219 |  65.8 |      34 |      11 |  24.4
     Lair:1 |    3204 |    4405 |  57.9 |      16 |      37 |  69.8
     Lair:2 |    6246 |    3026 |  32.6 |      21 |      10 |  32.3
     Lair:3 |    6689 |    4822 |  41.9 |      24 |      32 |  57.1
     Lair:4 |    5990 |       0 |   0.0 |      25 |       0 |   0.0
     Lair:5 |   12203 |    1173 |   8.8 |      43 |       1 |   2.3
     Lair:6 |   13668 |    6036 |  30.6 |      31 |       6 |  16.2
    Snake:1 |   14367 |   23354 |  61.9 |      30 |      34 |  53.1
    Snake:2 |   13367 |    3250 |  19.6 |      27 |       4 |  12.9
    Snake:3 |   25924 |   14765 |  36.3 |      44 |      17 |  27.9
    Snake:4 |   37877 |   30439 |  44.6 |      76 |      45 |  37.2
      Orc:1 |    1119 |       0 |   0.0 |      23 |       0 |   0.0
      Orc:2 |    2294 |    7271 |  76.0 |      32 |      30 |  48.4
      Elf:1 |   18085 |   15205 |  45.7 |      29 |      25 |  46.3
      Elf:2 |   32454 |    2001 |   5.8 |      51 |       3 |   5.6
      Elf:3 |    6558 |   11277 |  63.2 |      10 |       7 |  41.2
        Lab |       0 |     596 | 100.0 |       0 |       1 | 100.0
      Sewer |       0 |      36 | 100.0 |       0 |      11 | 100.0
     Bailey |       0 |    2045 | 100.0 |       0 |      24 | 100.0
      IceCv |       0 |    3772 | 100.0 |       0 |      23 | 100.0
            +---------+---------+-------+---------+---------+-------
